 Dungeon Crawl Stone Soup version 0.32-a0-305-gcc768c7156 (webtiles) character file.

Game seed: 12700403332404792325

73 DubiousMove the Apothecary (level 4, -1/30 HPs)
             Began as a Merfolk Alchemist on Feb 14, 2024.
             Slain by a hobgoblin (4 damage)
             ... on level 2 of the Dungeon.
             The game lasted 00:05:47 (1748 turns).

DubiousMove the Apothecary (Merfolk Alchemist)      Turns: 1748, Time: 00:05:47

Health: -1/30      AC:  2    Str:  8    XL:     4   Next: 27%
Magic:  5/8        EV: 12    Int: 16    God:
Gold:   53         SH:  0    Dex: 14    Spells: 8/9 levels left

rFire   . . .        d - +0 dagger
rCold   . . .        (no shield)
rNeg    . . .        a - +0 robe
rPois   .            (no helmet)
rElec   .            (no cloak)
rCorr   .            (no gloves)
SInv    .            (no boots)
Will    .....        (no amulet)
Stlth   +            (no ring)
HPRegen 0.25/turn    (no ring)
MPRegen 0.11/turn

%: no passive effects
@: silenced
A: (nimble swimmer 2), mertail
a: no special abilities


You were on level 2 of the Dungeon.
You visited 1 branch of the dungeon, and saw 2 of its levels.

You collected 53 gold pieces.

Inventory:

Hand Weapons
 d - a +0 dagger (weapon)
Armour
 a - a +0 robe (worn)
Scrolls
 e - a scroll of poison {unknown}
Potions
 b - a potion of magic
 f - a potion of mutation {unknown}


   Skills:
 - Level 2.6 Dodging
 - Level 2.1 Stealth
 + Level 3.2 Spellcasting
 - Level 0.7 Conjurations
 + Level 5.4 Alchemy


You had 8 spell levels left.
You knew the following spells:

 Your Spells              Type           Power      Damage    Failure   Level
a - Sting                 Conj/Alch      48%        1d6       5%          1

Your spell library contained the following spells:

 Spells                   Type           Power      Damage    Failure   Level
 Mercury Vapours          Alch/Air       22%        N/A       9%          2
 Olgreb's Toxic Radiance  Alch           20%        N/A       19%         4
 Mephitic Cloud           Conj/Alch/Air  9%         N/A       24%         3
 Sticky Flame             Fire/Alch      11%        2d5       52%         4


Dungeon Overview and Level Annotations

Branches:
Dungeon (2/15)

Altars:

Shops:
D:1 ?=*

Annotations:
D:2 Jessica


Innate Abilities, Weirdness & Mutations

((You are very nimble when in or above water. (Stealth+, EV+, Speed+++)))
Your lower body shifts to a powerful aquatic tail in water.


Message History

Jessica the Apprentice Sorceress comes into view.
She is wielding a +0 dagger.
The orc hits you with a +0 club.
There is a stone staircase leading up here.
Aiming: Sting (safe; 5% risk of failure)
Press: ? - help, Q - select action Shift-Dir - straight line, f - orc
Aim: an orc, wielding a +0 club and wearing a +2 leather armour of poison resistance (71% to hit)
The sting hits the orc.
The orc partially resists.
The orc is poisoned.
The orc is lightly wounded.
Jessica shouts!
A ball python comes into view.
The hobgoblin hits you.
Jessica points at you and mumbles some strange words.
Pain shoots through your body! The orc closely misses you.
Aiming: Sting (safe; 5% risk of failure)
Press: ? - help, Q - select action Shift-Dir - straight line, f/p - orc
Aim: an orc, wielding a +0 club and wearing a +2 leather armour of poison resistance (moderately wounded, poisoned, 71% to hit)
The sting hits the orc.
The orc partially resists.
The orc is heavily wounded.
The orc hits you with a +0 club.
Jessica mumbles some strange words.
Jessica blinks!
The hobgoblin hits you.
Aiming: Sting (safe; 5% risk of failure)
Press: ? - help, Q - select action Shift-Dir - straight line, f/p - orc
Aim: an orc, wielding a +0 club and wearing a +2 leather armour of poison resistance (heavily wounded, poisoned, 71% to hit)
The sting hits the orc but does no damage.
The orc looks even sicker.
The orc is heavily wounded.
The hobgoblin hits you.
* * * LOW HITPOINT WARNING * * *
The orc hits you with a +0 club.
* * * LOW HITPOINT WARNING * * *
A quokka comes into view.
Okay, then.
Okay, then.
As you read the scroll labelled INUWAP XEBOIV, it crumbles to dust.
A profound silence engulfs you.
It was a scroll of silence.
The orc hits you with a +0 club.
* * * LOW HITPOINT WARNING * * *
The hobgoblin hits you.
You die...

.... ... ...#
.. ..# . ..
..r .# . #S#
.. #. #.# ..
#. ###.##.# )#
# ##
#...g[.#.#....
#.
#...o@.....#
..>
#....#...###
.##
#..........# #
#...........#
#
#.............
#
#....########.
#.... .....


You could see an orc (very poisoned), a quokka, a hobgoblin and a ball python.

Vanquished Creatures
  4 orcs
  5 endoplasms (D:1)
  3 goblins
  2 hobgoblins (D:1)
  2 quokkas (D:1)
  5 ball pythons (D:1)
  7 bats (D:1)
  3 frilled lizards (D:1)
  5 kobolds (D:1)
  2 rats (D:1)
38 creatures vanquished.

Notes
Turn   | Place    | Note
-------+----------+-------------------------------------------
     0 | D:1      | DubiousMove the Merfolk Alchemist began the quest for the
                  | Orb.
     0 | D:1      | Reached XP level 1. HP: 13/13 MP: 3/3
   177 | D:1      | Reached XP level 2. HP: 19/19 MP: 1/5
   496 | D:1      | Found Ehuosec's Jewellery Emporium.
   555 | D:1      | Found Nusidup's General Store.
   566 | D:1      | Reached XP level 3. HP: 24/24 MP: 0/6
   690 | D:1      | Found Fukulu Gadin's Magic Scroll Shoppe.
   789 | D:1      | Reached skill level 5 in Alchemy
  1323 | D:1      | Reached XP level 4. HP: 30/30 MP: 4/8
  1744 | D:2      | Noticed Jessica
  1748 | D:2      | Slain by a hobgoblin

Illustrated notes

Levels and vault maps discovered:
D:1:      lemuel_arrival_hallway, layout_basic, serial_shops, shop,
          nicolae_shop_rolling_square, shop
D:2:      layout_rooms, shapermc_ecumenical_altar_petra,
          dilly_guarded_unrand_morg, uniq_natasha, uniq_jessica

Skill      XL: |  1  2  3 |
---------------+----------+-----
Alchemy        | 5 |  5.4
Spellcasting   | 3 |  3.2
Dodging        | |  2.6
Stealth        | |  2.1
Conjurations   | |  0.7

Action                     |  1- 3 |  4- 6 || total
---------------------------+-------+-------++-------
  Melee: Unarmed           |     2 |       ||     2
         Dagger            |     8 |     1 ||     9
   Cast: Sting             |    58 |    23 ||    81
    Use: Scroll            |       |     1 ||     1
 Armour: Robe              |    18 |    18 ||    36
  Dodge: Dodged            |    19 |    15 ||    34

Table legend: (Time is in decaauts)
 A = Elapsed time spent in this place.
 B = Non-inter-level travel time spent in this place.
 C = Inter-level travel time spent in this place.
 D = Time resting spent in this place.
 E = Time spent auto-exploring this place.
 F = Levels seen in this place.
 G = Mean time per level.
                   A        B        C        D        E       F      G
               +--------+--------+--------+--------+--------+-----+--------+
         Total |   1750 |   1616 |    134 |    281 |   1090 |   2 |  875.0 |
       Dungeon |   1750 |   1616 |    134 |    281 |   1090 |   2 |  875.0 |
               +--------+--------+--------+--------+--------+-----+--------+

Top non-repeatable levels by time:
     D:1: 1716 daAuts
     D:2: 34 daAuts
